 Dungeon Crawl Stone Soup version 0.29-a0-553-g81b289dbe5 (webtiles) character file.

Game seed: 12937397665890741804

4224 DocClef the Covert (level 10, -5/67 (73) HPs)
             Began as a Gnoll Delver on June 6, 2022.
             Was an Elder of Hepliaklqana.
             Slain by an orc knight
             ... wielding a +0 halberd
              (24 damage)
             ... in a bailey.
             The game lasted 00:13:21 (9664 turns).

DocClef the Covert (Gnoll Delver)                   Turns: 9664, Time: 00:13:22

HP:   -5/67 (73)    AC: 19    Str: 17    XL:     10   Next: 30%
MP:   15/17         EV:  9    Int:  9    God:    Hepliaklqana [****..]
Gold: 160           SH:  5    Dex: 13    Spells: 19/19 levels left

rFire   . . .      SeeInvis +   n - +6 flail (protect)
rCold   . . .      Faith    .   J - +0 buckler
rNeg    . . .      Spirit   .   x - +0 chain mail
rPois   +          Reflect  .   (no helmet)
rElec   .          Harm     .   r - scarf {+Inv}
rCorr   .          Rampage  .   (no gloves)
Will    .....                   q - +1 pair of boots
Stlth   ++........              (no amulet)
HPRegen 0.21/turn               E - ring of poison resistance
MPRegen 0.15/turn               w - ring of see invisible

@: under a protective aura, very slightly contaminated, drained, invisible
A: reduced essence, fangs 1, strong nose, distributed training
a: Renounce Religion, Evoke Invisibility, Recall Ancestor, Ancestor Identity,
Transference, Idealise


You were in a bailey.
You worshipped Hepliaklqana.
Hepliaklqana was greatly pleased with you.
You visited 2 branches of the dungeon, and saw 10 of its levels.
You also visited: Sewer and Bailey.

You collected 401 gold pieces.
You spent 241 gold pieces at shops.

Inventory:

Hand Weapons
 a - a +1 dagger of pain
 n - a +6 flail of protection (weapon)
Missiles
 b - 2 throwing nets (quivered)
 I - a curare-tipped dart
Armour
 q - a +1 pair of boots (worn)
 r - a scarf of invisibility (worn)
 x - a +0 chain mail (worn)
 J - a +0 buckler (worn)
Jewellery
 p - a ring of wizardry
 w - a ring of see invisible (right hand)
 E - a ring of poison resistance (left hand)
Wands
 g - a wand of digging (3)
 D - a wand of polymorph (2)
Scrolls
 c - 4 scrolls of fog
 e - 4 scrolls of fear
 h - 3 scrolls of poison
 i - 8 scrolls of teleportation
 j - 2 scrolls of enchant weapon {unknown}
 y - a scroll of amnesia
 F - a scroll of identify
 G - 2 scrolls of silence {unknown}
 H - a scroll of noise {unknown}
Potions
 d - a potion of cancellation
 f - 4 potions of haste
 k - a potion of attraction
 l - 2 potions of invisibility
 m - a potion of flight
 o - 3 potions of curing
 s - a potion of brilliance
 t - 4 potions of heal wounds
 u - a potion of resistance
 v - a potion of mutation {unknown}
 A - a potion of lignification {unknown}
 B - a potion of degeneration {unknown}
 C - a potion of might {unknown}


   Skills:
 + Level 8.4 Fighting
 + Level 7.0 Short Blades
 + Level 5.1 Long Blades
 + Level 5.1 Axes
 + Level 5.1 Maces & Flails
 + Level 5.1 Polearms
 + Level 5.1 Staves
 + Level 5.1 Slings
 + Level 5.1 Bows
 + Level 5.1 Crossbows
 + Level 5.1 Throwing
 + Level 5.1 Armour
 + Level 7.0 Dodging
 + Level 10.9 Stealth
 + Level 5.1 Shields
 + Level 5.1 Unarmed Combat
 + Level 5.1 Spellcasting
 + Level 4.2 Conjurations
 + Level 4.2 Hexes
 + Level 4.2 Summonings
 + Level 4.2 Necromancy
 + Level 4.2 Translocations
 + Level 4.2 Transmutations
 + Level 4.2 Fire Magic
 + Level 4.2 Ice Magic
 + Level 4.2 Air Magic
 + Level 4.2 Earth Magic
 + Level 4.2 Poison Magic
 + Level 5.6 Invocations
 + Level 5.1 Evocations


You had 19 spell levels left.
You didn't know any spells.
Your spell library contained the following spells:

 Spells                   Type           Power      Damage    Failure   Level
 Freeze                   Ice            36%        1d6       58%         1
 Conjure Flame            Conj/Fire      9%         6-21      91%         3
 Frozen Ramparts          Ice            18%        1d3       91%         3
 Ignite Poison            Fire/Tmut/Pois 9%         N/A       91%         3
 Inner Flame              Hex/Fire       9%         N/A       91%         3
 Airstrike                Air            4%         N/A       100%        4
 Cause Fear               Hex            4%         N/A       100%        4
 Hailstorm                Conj/Ice       9%         3d4       100%        4
 Sticky Flame             Conj/Fire      9%         2d3       100%        4
 Summon Lightning Spire   Summ/Air       9%         N/A       100%        4
 Lightning Bolt           Conj/Air       4%         1d16      100%        5
 Discord                  Hex            4%         N/A       100%        8


Dungeon Overview and Level Annotations

Branches:
Dungeon (9/15)             Temple (1/1) D:4             Orc (0/2) D:9
  Sewer (visited)          Bailey (1/1)
   Lair: D:8-11

Altars:
Ashenzari
Dithmenos
Elyvilon
Fedhas
Gozag
Hepliaklqana
Kikubaaqudgha
Nemelex Xobeh
Okawaru
Ru
Sif Muna
Trog
Uskayaw
Vehumet
Xom
Yredelemnul
Zin
The Shining One

Shops:
D:1 *   D:2 ?   D:4 :   D:7 [

Annotations:
Bailey 2 runed translucent doors


Innate Abilities, Weirdness & Mutations

Your life essence is reduced to manifest your ancestor. (-10% HP)
You have very sharp teeth.
Your uncanny sense of smell can sniff out nearby items.
Your experience applies equally to all skills.


Message History

An orc knight is nearby!
An orc knight is nearby!
No reachable target in view!
No reachable target in view!
An orc warrior comes into view. It is wielding a +0 glaive.
The orc knight shouts!
The orc warrior shouts!
You hear a shout!
An orc warrior comes into view. It is wielding a +0 spear.
Found seven items.
Found the +1 cloak of Starlight {*Dazzle EV+4 Stlth--}.
The orc warrior closely misses you.
You closely miss the orc warrior.
The orc warrior hits you with a +0 glaive.
Zola casts a spell at the orc warrior.
The puff of frost hits the orc warrior.
The orc warrior hits you with a +0 glaive.
The orc knight closely misses you.
You sock the orc warrior!
Your weapon exudes an aura of protection.
You bite the orc warrior.
The orc warrior is heavily wounded.
The orc knight roars a battlecry!
The orc warrior goes into a battle-frenzy!
An orc comes into view. It is wielding a +0 halberd.
The orc warrior hits you with a +0 glaive!!
You hear a shout!
You feel drained.
You fade into invisibility!
You are very lightly contaminated with residual magic.
You hear a shout!
Zola barely misses the orc warrior.
The orc knight roars a battlecry!
The orc warrior hits you with a +0 glaive!
* * * LOW HITPOINT WARNING * * *
You catch the helpless orc warrior completely off-guard!
You hit the orc warrior but do no damage.
The orc warrior is heavily wounded.
Zola casts a spell at the orc warrior.
The puff of frost hits the orc warrior!
The orc knight hits you from afar with a +0 halberd!!
You die...

#####...#.8# ∆
........#..#[$ ..#..
........'..#![ ..+o.
........'..#!!##e.+.
........#..#[!....# #
#####...#.8##$...# .#
≈≈≈≈....#).########o.#
≈≈≈≈.♣.##.).....R.o..##
≈≈≈≈...#........@o....#
≈≈≈≈♣..#..##########.$#
≈≈≈≈♣..#### ≈≈≈♣♣...
≈≈≈♣ .. ####


You could see the friendly Zola the battlemage, an orc knight (can't see you),
an orc warrior (strong, can't see you, ally target) and an orc (strong, can't
see you).

Vanquished Creatures
  Sigmund (D:2)
  Edmund (D:5)
  A water moccasin (D:7)
  An orc warrior (Bailey)
  3 black bears
  4 ogres
  An ice beast (D:7)
  2 phantoms (D:6)
  A bullfrog (D:5)
  2 kobold brigands
  A necrophage (D:5)
  2 scorpions (D:5)
  2 killer bees (D:7)
  4 howler monkeys
  2 electric eels (D:8)
  3 orc priests
  2 hounds
  2 jellies
  2 orc wizards
  3 iguanas
  Ijyb (D:5)
  7 adders
  4 gnolls
  2 river rats (D:3)
  2 ufetubi
  A worm (D:2)
  2 dart slugs
  13 orcs
  5 endoplasms
  5 giant cockroaches
  5 goblins
  3 hobgoblins
  4 jackals (D:1)
  2 quokkas
  6 ball pythons
  5 bats
  A frilled lizard (D:3)
  16 kobolds
  10 rats
134 creatures vanquished.

Vanquished Creatures (collateral kills)
  2 sky beasts
  2 phantoms (D:5)
  A kobold brigand (D:8)
  2 scorpions (D:7)
  3 gnoll sergeants
  5 wights (D:8)
  3 killer bees (D:7)
  An electric eel (D:8)
  4 howler monkeys
  2 hounds (D:6)
  An orc priest (D:8)
  An orc wizard (D:8)
  An iguana (D:6)
  9 gnolls
  2 adders
  A river rat (D:3)
  A white imp (D:7)
  A worm (D:3)
  16 orcs
  5 ball pythons
  3 goblins (D:9)
  A hobgoblin (D:1)
  5 jackals
  2 bats
  16 kobolds
  6 rats
96 creatures vanquished.

Vanquished Creatures (others)
  An orc wizard (D:5)
  2 battlemagi
  3 fungi (D:7)
  9 plants
15 creatures vanquished.

Grand Total: 245 creatures vanquished

Notes
Turn   | Place    | Note
-------+----------+-------------------------------------------
     0 | D:5      | Reached skill level 9 in Stealth
     0 | D:5      | DocClef the Gnoll Delver began the quest for the Orb.
     0 | D:5      | Reached XP level 1. HP: 23/23 MP: 1/1
    26 | D:5      | Noticed a necrophage
    56 | D:5      | Killed a necrophage
    57 | D:5      | Reached skill level 1 in Long Blades
    57 | D:5      | Reached skill level 1 in Axes
    57 | D:5      | Reached skill level 1 in Maces & Flails
    57 | D:5      | Reached skill level 1 in Polearms
    57 | D:5      | Reached skill level 1 in Staves
    57 | D:5      | Reached skill level 1 in Slings
    57 | D:5      | Reached skill level 1 in Bows
    57 | D:5      | Reached skill level 1 in Crossbows
    57 | D:5      | Reached skill level 1 in Throwing
    57 | D:5      | Reached skill level 1 in Armour
    57 | D:5      | Reached skill level 1 in Shields
    57 | D:5      | Reached skill level 1 in Unarmed Combat
    57 | D:5      | Reached skill level 1 in Spellcasting
    57 | D:5      | Reached skill level 1 in Invocations
    57 | D:5      | Reached skill level 1 in Evocations
    57 | D:5      | Reached XP level 2. HP: 4/29 MP: 1/3
    57 | D:5      | Reached XP level 3. HP: 5/35 MP: 1/4
    57 | D:5      | Reached XP level 4. HP: 6/41 MP: 1/5
   335 | D:5      | Noticed a scorpion
   335 | D:5      | Noticed a phantom
   567 | D:4      | Found a staircase to the Ecumenical Temple.
   634 | Temple   | Entered the Ecumenical Temple
   858 | Temple   | Became a worshipper of Hepliaklqana the Forgotten
  1000 | D:4      | Noticed an ogre
  1016 | D:4      | HP: 2/41 [ogre/+0 giant club (21)]
  1017 | D:4      | Killed an ogre
  1018 | D:4      | Reached skill level 1 in Conjurations
  1018 | D:4      | Reached skill level 1 in Hexes
  1018 | D:4      | Reached skill level 1 in Summonings
  1018 | D:4      | Reached skill level 1 in Necromancy
  1018 | D:4      | Reached skill level 1 in Translocations
  1018 | D:4      | Reached skill level 1 in Transmutations
  1018 | D:4      | Reached skill level 1 in Fire Magic
  1018 | D:4      | Reached skill level 1 in Ice Magic
  1018 | D:4      | Reached skill level 1 in Air Magic
  1018 | D:4      | Reached skill level 1 in Earth Magic
  1018 | D:4      | Reached skill level 1 in Poison Magic
  1018 | D:4      | Reached XP level 5. HP: 2/47 MP: 5/7
  1325 | D:4      | Noticed a black bear
  1339 | D:4      | Killed a black bear
  1340 | D:4      | Reached XP level 6. HP: 36/53 MP: 8/8
  1662 | D:4      | Found Ygetan's Book Boutique.
  1930 | D:3      | You fall into a shaft and drop 2 floors!
  2052 | D:5      | Noticed Edmund
  2059 | D:5      | Killed Edmund
  2060 | D:5      | Reached skill level 5 in Short Blades
  2060 | D:5      | Reached skill level 5 in Dodging
  2080 | D:5      | Noticed Ijyb
  2084 | D:5      | Found a broken altar of Ashenzari.
  2130 | D:5      | Killed Ijyb
  2168 | D:5      | Reached XP level 7. HP: 34/59 MP: 10/10
  2258 | D:3      | Reached * piety under Hepliaklqana
  2288 | D:3      | Found a glowing drain.
  2298 | Sewer    | Entered a sewer
  3050 | D:3      | Found a snail-covered altar of Cheibriados.
  3052 | D:3      | Found an opulent altar of Gozag.
  3052 | D:3      | Found a blossoming altar of Fedhas.
  3054 | D:3      | Found a shadowy altar of Dithmenos.
  3054 | D:3      | Found a shimmering altar of Xom.
  3054 | D:3      | Found a shimmering altar of Xom.
  3627 | D:2      | Found Kuuc's Magic Scroll Emporium.
  3642 | D:2      | Bought a scroll of identify for 26 gold pieces
  3642 | D:2      | Bought a scroll of teleportation for 39 gold pieces
  3661 | D:2      | Reached ** piety under Hepliaklqana
  3662 | D:2      | Remembered your ancestor Zola as a battlemage
  3663 | D:2      | Noticed Sigmund
  3668 | D:2      | Killed Sigmund
  3669 | D:2      | Reached skill level 10 in Stealth
  4251 | D:1      | Reached XP level 8. HP: 59/60 MP: 12/12
  4457 | D:1      | Found Letiywk's Assorted Antiques.
  4466 | D:1      | Bought a sedimented sapphire potion for 18 gold pieces
  4466 | D:1      | Bought a white potion for 18 gold pieces
  4466 | D:1      | Bought a scroll labelled SOLIASCH ROQUSO for 20 gold pieces
  4466 | D:1      | Bought a scroll labelled YGAURIFFARON for 20 gold pieces
  4466 | D:1      | Bought a glass ring for 100 gold pieces
  5470 | D:5      | Reached *** piety under Hepliaklqana
  5671 | D:5      | Reached XP level 9. HP: 16/64 MP: 14/14
  6961 | D:6      | Found a bloodstained altar of Trog.
  7217 | D:7      | Reached skill level 5 in Invocations
  7356 | D:7      | Found Hyul Lao's Armour Shoppe.
  7375 | D:7      | Found a basalt altar of Yredelemnul.
  7553 | D:7      | Found a white marble altar of Elyvilon.
  7901 | D:8      | Reached XP level 10. HP: 72/72 MP: 17/17
  8003 | D:8      | Reached skill level 5 in Long Blades
  8003 | D:8      | Reached skill level 5 in Axes
  8003 | D:8      | Reached skill level 5 in Maces & Flails
  8003 | D:8      | Reached skill level 5 in Polearms
  8003 | D:8      | Reached skill level 5 in Staves
  8003 | D:8      | Reached skill level 5 in Slings
  8003 | D:8      | Reached skill level 5 in Bows
  8003 | D:8      | Reached skill level 5 in Crossbows
  8003 | D:8      | Reached skill level 5 in Throwing
  8003 | D:8      | Reached skill level 5 in Armour
  8003 | D:8      | Reached skill level 5 in Shields
  8003 | D:8      | Reached skill level 5 in Unarmed Combat
  8003 | D:8      | Reached skill level 5 in Spellcasting
  8003 | D:8      | Reached skill level 5 in Evocations
  8694 | D:8      | Reached **** piety under Hepliaklqana
  9484 | D:9      | Found a flagged portal.
  9494 | Bailey   | Entered a bailey
  9655 | Bailey   | Found a large runed translucent door.
  9655 | Bailey   | Found a large runed translucent door.
  9656 | Bailey   | Noticed a deep elf pyromancer
  9656 | Bailey   | Noticed an orc knight
  9659 | Bailey   | Found the +1 cloak of Starlight {*Dazzle EV+4 Stlth--}
  9664 | Bailey   | Slain by an orc knight

Illustrated notes

Levels and vault maps discovered:
D:1:      dpeg_arrival_tiny_g, layout_rooms, serial_shops, shop,
          minmay_surrounded
D:2:      layout_basic, serial_shops, nicolae_diamond_shop, uniq_sigmund
D:3:      layout_rooms, doesnt_xom_only_xom, portal_sewer_entry_e,
          hangedman_abyss_or_decor_lesser_grid, minmay_cupped
D:4:      layout_basic, temple_pool_b, serial_shops, nicolae_shop_behind_doors
D:5:      minmay_skewed_foursquare, layout_loops_ring,
          ashenzari_conservatory_becter, nicolae_grassy_gnolls, uniq_edmund,
          uniq_ijyb
D:6:      layout_rooms, minmay_ruined_shrine
D:7:      layout_basic, general_overflow_altar, elyvilon_altar_1, serial_shops,
          shop
D:8:      layout_basic, nrook_pool_corridor
D:9:      layout_loops_ring, nzn_wu_jian_council_hall,
          mainiacjoe_overflow_24_doors, mainiacjoe_overflow_alcove_1,
          lemuel_doored_altar, david_orc_2, enter_bailey_3, water_maze_lemuel
Temple:   hc_temple_tempest_star
Bailey:   bailey_polearm_elven_captive_hellmonk, bailey

Skill      XL: |  1  2  3  4  5  6  7  8  9 10 |
---------------+-------------------------------+-----
Stealth        | 10 | 10.9
Long Blades    | 1 2 3 4 5 |  5.1
Axes           | 1 2 3 4 5 |  5.1
Maces & Flails | 1 2 3 4 5 |  5.1
Polearms       | 1 2 3 4 5 |  5.1
Staves         | 1 2 3 4 5 |  5.1
Slings         | 1 2 3 4 5 |  5.1
Bows           | 1 2 3 4 5 |  5.1
Crossbows      | 1 2 3 4 5 |  5.1
Throwing       | 1 2 3 4 5 |  5.1
Armour         | 1 2 3 4 5 |  5.1
Shields        | 1 2 3 4 5 |  5.1
Unarmed Combat | 1 2 3 4 5 |  5.1
Spellcasting   | 1 2 3 4 5 |  5.1
Invocations    | 1 2 3 4 5 |  5.6
Evocations     | 1 2 3 4 5 |  5.1
Conjurations   | 1 2 3 4 |  4.2
Hexes          | 1 2 3 4 |  4.2
Summonings     | 1 2 3 4 |  4.2
Necromancy     | 1 2 3 4 |  4.2
Translocations | 1 2 3 4 |  4.2
Transmutations | 1 2 3 4 |  4.2
Fire Magic     | 1 2 3 4 |  4.2
Ice Magic      | 1 2 3 4 |  4.2
Air Magic      | 1 2 3 4 |  4.2
Earth Magic    | 1 2 3 4 |  4.2
Poison Magic   | 1 2 3 4 |  4.2
Short Blades   | 5 6 7 |  7.0
Dodging        | 5 6 7 |  7.0
Fighting       | 7 8 |  8.4

Action                   |  1- 3 |  4- 6 |  7- 9 | 10-12 || total
-------------------------+-------+-------+-------+-------++-------
Melee: Short sword       |    16 |    95 |       |       ||   111
       Bite              |     1 |    10 |    19 |     6 ||    36
       Flail             |       |     9 |   281 |    62 ||   352
       Punch             |       |       |     7 |     1 ||     8
Invok: Ancestor Life: Ba |       |       |     1 |       ||     1
 Abil: Evoke Invisibilit |       |       |       |     1 ||     1
  Use: Scroll            |       |     1 |    14 |     1 ||    16
 Stab: Sleeping          |       |     2 |     9 |       ||    11
       Distracted        |       |       |     2 |     1 ||     3
       Invisible         |       |       |       |     1 ||     1
Armor: Leather armour    |     2 |    25 |    31 |       ||    58
       Chain mail        |       |       |   188 |    45 ||   233
Dodge: Dodged            |     7 |    78 |   213 |    29 ||   327
Block: Buckler           |       |       |       |    13 ||    13

Table legend: (Time is in decaauts)
 A = Elapsed time spent in this place.
 B = Non-inter-level travel time spent in this place.
 C = Inter-level travel time spent in this place.
 D = Time resting spent in this place.
 E = Time spent auto-exploring this place.
 F = Levels seen in this place.
 G = Mean time per level.
                   A        B        C        D        E       F      G
               +--------+--------+--------+--------+--------+-----+--------+
         Total |   9818 |   9377 |    441 |   1692 |   5987 |  12 |  818.2 |
       Dungeon |   8963 |   8548 |    415 |   1692 |   5326 |   9 |  995.9 |
        Temple |    298 |    272 |     26 |      0 |    247 |   1 |  298.0 |
         Sewer |    386 |    386 |      0 |      0 |    262 |   1 |  386.0 |
        Bailey |    171 |    171 |      0 |      0 |    152 |   1 |  171.0 |
               +--------+--------+--------+--------+--------+-----+--------+

Top non-repeatable levels by time:
     D:4: 1812 daAuts
     D:8: 1629 daAuts
     D:5: 1456 daAuts
     D:2: 1024 daAuts
     D:6: 995 daAuts
     D:3: 746 daAuts
     D:7: 722 daAuts
     D:1: 532 daAuts
   Sewer: 386 daAuts
  Temple: 298 daAuts
  Bailey: 171 daAuts
     D:9: 43 daAuts
